 Dungeon Crawl Stone Soup version 0.28-a0-1395-g4f6bc678fa (webtiles) character file.

Game seed: 2134628462914382667

144995 ragingrage the Executioner (level 17, -11/113 HPs)
             Began as a Gargoyle Artificer on Jan 4, 2022.
             Was the Champion of Okawaru.
             Shot with an arrow by a ghostly deep elf master archer (16 damage)
             ... on level 3 of the Elven Halls.
             The game lasted 00:55:31 (28568 turns).

ragingrage the Executioner (Gargoyle Artificer)    Turns: 28568, Time: 00:55:32

Health: -11/113    AC: 40    Str: 29    XL:     17   Next: 41%
Magic:  20/20      EV: 14    Int: 18    God:    Okawaru [******]
Gold:   1281       SH:  0    Dex: 21    Spells: 16/16 levels left

rFire   + . .      SeeInvis +   v - +9 battleaxe of Taxation {flame, Dex+4}
rCold   + . .      Faith    .   (shield currently unavailable)
rNeg    + + +      Spirit   .   w - +8 chain mail of the Hart {SInv}
rPois   ∞          Reflect  .   u - +1 hat of Pathos {rF+ Will+ Stlth-}
rElec   +          Harm     .   X - +0 cloak
rCorr   .          Rampage  .   l - +1 pair of gloves
Will    ++...                   n - +2 pair of boots of Okawaru's Benevolence {rF- rN++ Str+2 Int+2}
Stlth   ..........              E - amulet of regeneration
HPRegen 1.08/turn               F - ring of the Thoughtful Orbs {rPois rC+ Int+3 Dex+3 Stlth-}
MPRegen 0.17/turn               S - ring "Zociu" {rPois rF+ Str+8}

@: heroic, flying
A: sickness immunity, AC +12, big wings, negative energy resistance 1,
electricity resistance, torment resistance 1, petrification resistance
a: Renounce Religion, Heroism, Finesse, Duel


You were on level 3 of the Elven Halls.
You worshipped Okawaru.
Okawaru was exalted by your worship.
You visited 4 branches of the dungeon, and saw 26 of its levels.
You visited the Abyss 1 time.
You also visited: Bailey and Gauntlet.

You collected 3367 gold pieces.
You spent 2086 gold pieces at shops.

Inventory:

Hand Weapons
 a - a +6 executioner's axe of electrocution
 b - a +3 longbow of freezing
 v - the +9 battleaxe of Taxation (weapon) {flame, Dex+4}
   (You bought it in a shop on level 2 of the Orcish Mines)

   It burns those it strikes, dealing additional fire damage.
   Big, fiery blades are also staple armaments of hydra-hunters.
   Dex:       It affects your dexterity (+4).
Missiles
 f - 370 arrows
 x - 123 poisoned darts
 Q - 5 curare-tipped darts
 U - 5 throwing nets
 V - a silver javelin (quivered)
Armour
 l - a +1 pair of gloves (worn)
 n - the +2 pair of boots of Okawaru's Benevolence (worn) {rF- rN++ Str+2 Int+2}
   (Okawaru gifted it to you in a Gauntlet)

   Str:       It affects your strength (+2).
   Int:       It affects your intelligence (+2).
   rF:        It makes you vulnerable to fire.
   rN:        It greatly protects you from negative energy.
 u - the +1 hat of Pathos (worn) {rF+ Will+ Stlth-}
   (You found it in a Gauntlet)

   rF:        It protects you from fire.
   Will:      It increases your willpower.
   Stlth:     It makes you less stealthy.
 w - the +8 chain mail of the Hart (worn) {SInv}
   (Okawaru gifted it to you on level 13 of the Dungeon)

   SInv:      It lets you see invisible.
 X - a +0 cloak (worn)
Jewellery
 E - an amulet of regeneration (around neck)
 F - the ring of the Thoughtful Orbs (left hand) {rPois rC+ Int+3 Dex+3 Stlth-}
   (You found it in a Gauntlet)

   [ring of protection from cold]

   Int:       It affects your intelligence (+3).
   Dex:       It affects your dexterity (+3).
   rC:        It protects you from cold.
   rPois:     It protects you from poison.
   Stlth:     It makes you less stealthy.
 I - a ring of willpower
 J - a ring of resist corrosion
 O - a ring of protection from fire
 S - the ring "Zociu" (right hand) {rPois rF+ Str+8}
   (You found it on level 3 of the Lair of Beasts)

   [ring of protection from fire]

   Str:       It affects your strength (+8).
   rF:        It protects you from fire.
   rPois:     It protects you from poison.
 W - a ring of see invisible
Wands
 j - a wand of digging (10)
 k - a wand of polymorph (7)
 t - a wand of flame (59)
 A - a wand of iceblast (15)
 P - a wand of mindburst (23)
 R - a wand of acid (10)
 Y - a wand of paralysis (3)
Scrolls
 c - 4 scrolls of amnesia
 e - a scroll of enchant armour
 h - 4 scrolls of fog
 i - 5 scrolls of fear
 q - 3 scrolls of blinking
 r - 14 scrolls of identify
 s - a scroll of silence
 y - 19 scrolls of teleportation
 B - 5 scrolls of immolation
 G - a scroll of brand weapon
Potions
 g - 13 potions of curing
 m - 6 potions of might
 o - 6 potions of haste
 p - 3 potions of cancellation
 z - 4 potions of invisibility
 D - 9 potions of heal wounds
 H - 8 potions of attraction
 K - 2 potions of resistance
 L - 2 potions of lignification
 M - 3 potions of ambrosia
 N - 3 potions of mutation
 T - 3 potions of magic
Miscellaneous
 d - a tin of tremorstones (2/2)
 Z - a condenser vane (inert)


   Skills:
 - Level 15.0(20.0) Fighting
 * Level 22.7(27) Axes
 - Level 5.0(10.0) Armour
 - Level 3.0(8.0) Dodging
 - Level 1.1(6.1) Stealth
 - Level 5.0 Invocations
 - Level 9.0 Evocations


You had 16 spell levels left.
You didn't know any spells.
Your spell library contained the following spells:

 Spells                   Type           Power      Damage    Failure   Level
 Apportation              Tloc           0%         N/A       65%         1
 Beastly Appendage        Tmut           0%         N/A       65%         1
 Freeze                   Ice            0%         1d3       65%         1
 Magic Dart               Conj           0%         1d3       65%         1
 Pain                     Necr           0%         1d4       65%         1
 Scorch                   Fire           0%         2d5       80%         2
 Static Discharge         Conj/Air       0%         N/A       80%         2
 Wereblood                Tmut           0%         N/A       80%         2
 Frozen Ramparts          Ice            0%         1d2       95%         3
 Inner Flame              Hex/Fire       0%         N/A       95%         3
 Mephitic Cloud           Conj/Pois/Air  0%         N/A       95%         3
 Ozocubu's Armour         Ice            0%         N/A       95%         3
 Spider Form              Tmut/Pois      0%         N/A       95%         3
 Cause Fear               Hex            0%         N/A       100%        4
 Dispel Undead            Necr           0%         3d6       100%        4
 Flame Wave               Conj/Fire      0%         2d4       100%        4
 Hailstorm                Conj/Ice       0%         3d3       100%        4
 Sticky Flame             Conj/Fire      0%         2d3       100%        4
 Agony                    Necr           0%         N/A       100%        5
 Alistair's Intoxication  Tmut/Pois      0%         N/A       100%        5
 Excruciating Wounds      Necr           0%         N/A       100%        5
 Metabolic Englaciation   Hex/Ice        0%         N/A       100%        5
 Yara's Violent Unravell  Hex/Tmut       0%         3d3       100%        5
 Discord                  Hex            0%         N/A       100%        8
 Necromutation            Tmut/Necr      0%         N/A       100%        8
 Call Imp                 Summ           Unusable   N/A       N/A         2
 Summon Ice Beast         Ice/Summ       Unusable   N/A       N/A         4
 Simulacrum               Ice/Necr       Unusable   N/A       N/A         6
 Summon Cactus Giant      Summ           Unusable   N/A       N/A         6

Dungeon Overview and Level Annotations

Branches:
Dungeon (15/15)            Temple (0/1) D:7            Lair (6/6) D:11
 Shoals (0/4) Lair:2       Spider (0/4) Lair:3        Slime (0/5) Lair:5
    Orc (2/2) D:12            Elf (3/3) Orc:2        Vaults (0/5) D:13
 Depths (0/4) D:15         Bailey (visited)         Gauntlet (visited)

Altars:
Cheibriados
Dithmenos
Elyvilon
Fedhas
Gozag
Nemelex Xobeh
Okawaru
Sif Muna
Trog
Wu Jian
Xom
Yredelemnul
Zin
The Shining One
Beogh
Jiyva

Shops:
Orc:2 =*[((   Elf:1 *   Elf:3 !=**[

Annotations:
Elf:2 3 runed translucent doors
Elf:3 Nikola


Innate Abilities, Weirdness & Mutations

You are immune to sickness and miasma.
Your stone body is resilient. (AC +12)
You are immune to poison.
Your large and strong wings let you fly.
You resist negative energy. (rN+)
You are resistant to electric shocks. (rElec)
You are resistant to unholy torment.
You are immune to petrification.


Message History

Unknown command.
Clouds of poison gas condense around you!
The condenser dries out!
The deep elf master archer is poisoned.
The deep elf master archer shoots an arrow.
The arrow hits you!!
The deep elf death mage is poisoned.
The deep elf master archer is engulfed in poison gas.
The deep elf master archer looks even sicker.
The deep elf master archer shoots an arrow.
The arrow hits you!!
* * * LOW HITPOINT WARNING * * *
The deep elf demonologist is engulfed in poison gas.
The deep elf demonologist is poisoned.
The deep elf high priest is engulfed in poison gas.
The deep elf high priest is poisoned.
Unknown command.
You feel much better.
The deep elf master archer is engulfed in poison gas.
The deep elf master archer looks even sicker.
The deep elf master archer looks more healthy.
The lost soul assumes the form of the deep elf master archer and becomes anchored to this world!
The ghostly deep elf master archer shoots an arrow.
The arrow hits you!
* * * LOW HITPOINT WARNING * * *
The deep elf death mage is engulfed in poison gas.
The deep elf death mage looks even sicker.
The deep elf demonologist is engulfed in poison gas.
The deep elf demonologist looks even sicker.
The deep elf demonologist gestures wildly while chanting.
The ghostly deep elf master archer shoots an arrow.
The arrow barely misses you.
The deep elf high priest is engulfed in poison gas.
The deep elf high priest looks even sicker.
You hear a shout!
Unknown command.
The ghostly deep elf master archer shoots an arrow.
The arrow hits you!!
* * * LOW HITPOINT WARNING * * *
The ghostly deep elf master archer shoots an arrow.
The arrow hits you!
You die...

*,***,,,,,*#2#*,,,,,,*,,**,***#
*,*,,,,,***#e#***,,,,,*,**,*
*,,,,,*** #e# ***,,,,,**,*
*,,,*** #3# ***,,,**,* *,***
#e# ***,**,* *** #e# ******
####§####### #..).).....#
######@##### #.# #)# ########
#.# .......####### #.# ###
.#####.......###.#### ##.## ##
##.####.##.....########...## #
#..###.##.................# #
##..##.##..##.########...##


You could see a ghostly deep elf master archer.

Vanquished Creatures
  Saint Roka (Orc:2)
  A tentacled starspawn (Abyss:2)
  4 deep elf blademasters (Elf:3)
  An Executioner (Abyss:2)
  2 deep elf sorcerers
  2 orc warlords (Orc:1)
  A deep elf elementalist (Elf:3)
  A quicksilver ooze (Gauntlet)
  2 deep elf demonologists (Elf:3)
  A stone giant (D:15)
  A minotaur (Gauntlet)
  A deep elf annihilator (Elf:3)
  Snorg (Orc:2)
  A fire dragon (D:12)
  2 deep elf death magi
  The ghost of Adrian566 the Cleaver, a journeyman DsFi of Makhleb (Orc:2)
  A deep elf high priest (Elf:3)
  A yaktaur captain (D:13)
  Erolcha (Orc:2)
  6 boulder beetles
  An ogre mage (D:11)
  3 hydras
  4 centaur warriors
  3 catoblepae
  6 two-headed ogres
  A merfolk avatar (Lair:6)
  15 dancing weapons
  4 tengu warriors (D:15)
  Urug (Lair:1)
  4 death yaks (Lair:4)
  An orc high priest (Orc:2)
  5 skeletal warriors
  8 deep elf knights
  8 deep elf archers
  An orange crystal statue (Lair:1)
  A lindwurm (Orc:1)
  A wizard (D:15)
  18 deep elf zephyrmancers
  Pikel (D:5)
  3 orc knights (Orc:2)
  11 ugly things
  27 deep elf pyromancers
  6 orc sorcerers
  A shining eye (Abyss:2)
  7 cyclopes
  6 manticores
  A worldbinder (Gauntlet)
  Joseph (D:9)
  A moth of wrath (shapeshifter) (Elf:2)
  5 black mambas
  5 centaur zombies
  4 elephants (Lair:6)
  2 merfolk sirens (Lair:2)
  3 smoke demons
  A torpor snail (Lair:5)
  23 cane toads
  An unseen horror (D:12)
  4 rime drakes
  A yaktaur (shapeshifter) (D:14)
  2 efreet (D:14)
  2 yaktaurs (D:13)
  10 komodo dragons
  A red devil (Gauntlet)
  3 trolls
  2 merfolk
  A silent spectre (Abyss:2)
  3 polar bears
  10 blink frogs
  A hornet (Lair:6)
  13 slime creatures
  3 snapping turtles (Lair:6)
  6 dream sheep (Lair:4)
  2 raiju (Abyss:2)
  A shadow (D:10)
  7 wraiths
  3 air elementals
  8 yaks
  A ynoxinul (Abyss:2)
  6 water elementals
  A wyvern (D:10)
  5 fire elementals
  A human (shapeshifter) (Elf:1)
  4 basilisks
  3 vampire mosquitoes (D:13)
  6 steam dragons
  3 redbacks (Lair:3)
  3 small abominations (Abyss:2)
  7 wargs
  An acid dragon (D:10)
  3 large abominations (Abyss:2)
  8 water moccasins
  2 ice beasts
  30 orc warriors
  A black bear (Lair:2)
  A necrophage (D:7)
  8 centaurs
  8 ogres
  7 boggarts
  31 wolves
  2 phantoms
  2 lemures (D:5)
  8 bullfrogs
  2 kobold brigands
  4 earth elementals
  3 gnoll sergeants
  A scorpion (D:6)
  A water moccasin zombie (D:5)
  A water moccasin skeleton (D:7)
  7 wights
  8 howler monkeys
  3 electric eels (D:14)
  4 crimson imps (Gauntlet)
  A quasit (Abyss:2)
  4 lava snakes (Lair:1)
  5 hounds
  A gnoll shaman (D:7)
  5 jellies
  A bullfrog skeleton (D:7)
  20 orc priests
  3 iguanas
  24 orc wizards
  11 hell rats
  2 killer bee zombies
  A hound skeleton (D:4)
  Robin (D:2)
  13 gnolls
  4 adders
  2 white imps
  An ufetubus (D:5)
  2 worms
  2 dart slugs
  49 orcs
  5 bats
  6 endoplasms
  8 giant cockroaches
  18 goblins
  16 hobgoblins
  4 jackals
  2 quokkas
  8 ball pythons
  3 frilled lizards
  34 kobolds
  4 rats
  2 starspawn tentacles (Abyss:2)
757 creatures vanquished.

Vanquished Creatures (others)
  A hydra (D:14)
  A deep elf pyromancer (Elf:1)
  23 fungi
  A lurking horror (Abyss:2)
  93 plants
  2 starspawn tentacles (Abyss:2)
121 creatures vanquished.

Grand Total: 878 creatures vanquished

Notes
Turn   | Place    | Note
-------+----------+-------------------------------------------
     0 | D:1      | ragingrage the Gargoyle Artificer began the quest for the
                  | Orb.
     0 | D:1      | Reached XP level 1. HP: 12/12 MP: 1/1
   571 | D:1      | Reached XP level 2. HP: 17/17 MP: 2/2
   823 | D:1      | Found a faded altar of an unknown god.
  1381 | D:1      | Reached XP level 3. HP: 17/21 MP: 3/3
  2195 | D:2      | Noticed Robin
  2205 | D:2      | Killed Robin
  2229 | D:2      | Reached XP level 4. HP: 22/27 MP: 4/4
  3313 | D:3      | Reached XP level 5. HP: 32/32 MP: 5/5
  3689 | D:4      | Found an iron altar of Okawaru.
  3740 | D:4      | Became a worshipper of Warmaster Okawaru
  3751 | D:4      | Found a white marble altar of Elyvilon.
  3915 | D:4      | Noticed an ogre
  3929 | D:4      | Killed an ogre
  3930 | D:4      | Reached XP level 6. HP: 15/39 MP: 6/6
  3949 | D:5      | Entered Level 5 of the Dungeon
  4156 | D:5      | Reached * piety under Okawaru
  4162 | D:5      | Reached skill level 5 in Fighting
  4162 | D:5      | Reached skill level 5 in Evocations
  4265 | D:4      | Found a basalt altar of Yredelemnul.
  4470 | D:4      | Reached XP level 7. HP: 44/44 MP: 4/7
  4642 | D:4      | Found a glowing silver altar of Zin.
  5240 | D:5      | Reached skill level 1 in Axes
  5293 | D:5      | Noticed Pikel
  5321 | D:5      | Killed Pikel
  5321 | D:5      | Reached ** piety under Okawaru
  5322 | D:5      | Reached skill level 2 in Axes
  5322 | D:5      | Reached XP level 8. HP: 26/53 MP: 5/8
  5371 | D:5      | Identified the +2 arbalest of Departure {elec, Fragile
                  | Dex+5}
  5559 | D:5      | Found a shadowy altar of Dithmenos.
  5576 | D:5      | Found an ornate altar of the Wu Jian Council.
  5922 | D:6      | Reached skill level 3 in Axes
  6259 | D:6      | Reached skill level 4 in Axes
  6259 | D:6      | Reached XP level 9. HP: 45/59 MP: 9/9
  6600 | D:6      | Reached *** piety under Okawaru
  6900 | D:7      | Found a staircase to the Ecumenical Temple.
  7067 | D:7      | Reached skill level 5 in Axes
  7311 | D:7      | You fall into a shaft and drop 1 floor!
  7429 | D:8      | Found a flagged portal.
  7461 | Bailey   | Entered a bailey
  7810 | D:7      | Reached skill level 6 in Axes
  7963 | D:7      | Found a glowing golden altar of the Shining One.
  7964 | D:7      | Found a snail-covered altar of Cheibriados.
  7964 | D:7      | Found a blossoming altar of Fedhas.
  8052 | D:7      | Reached XP level 10. HP: 68/68 MP: 10/10
  8334 | D:8      | Reached skill level 10 in Fighting
  8430 | D:8      | Noticed an orc sorcerer
  8453 | D:8      | Noticed a sixfirhy
  8454 | D:8      | Noticed a sixfirhy
  8463 | D:8      | Noticed a smoke demon
  8614 | D:8      | Paralysed by an orc sorcerer for 3 turns
  8646 | D:8      | Killed an orc sorcerer
  8646 | D:8      | Reached **** piety under Okawaru
  8745 | D:8      | Reached skill level 7 in Axes
  9107 | D:8      | Found a shimmering altar of Xom.
  9374 | D:9      | Identified the +1 ring mail of Sunlight {rElec rCorr}
  9793 | D:9      | Found a sparkling altar of Nemelex Xobeh.
  9795 | D:9      | Noticed a white ugly thing
  9830 | D:9      | Killed a white ugly thing
  9921 | D:9      | Noticed Joseph
  9939 | D:9      | Killed Joseph
  9940 | D:9      | Reached skill level 8 in Axes
 10070 | D:9      | Reached ***** piety under Okawaru
 10072 | D:9      | Found an opulent altar of Gozag.
 10219 | D:10     | Entered Level 10 of the Dungeon
 10380 | D:10     | Reached XP level 11. HP: 72/76 MP: 11/11
 10398 | D:10     | Noticed a two-headed ogre
 10410 | D:10     | Killed a two-headed ogre
 10410 | D:10     | Received a gift from Okawaru
 10411 | D:10     | Reached skill level 9 in Axes
 10646 | D:10     | Noticed a two-headed ogre
 10659 | D:10     | Killed a two-headed ogre
 10780 | D:10     | Found a shimmering blue altar of Sif Muna.
 11142 | D:11     | Noticed a cyclops
 11142 | D:11     | Noticed a cyclops
 11178 | D:10     | Killed a cyclops
 11178 | D:10     | Identified the +7 plate armour "Moyckutt" {rElec Str+2
                  | Int+2} (Okawaru gifted it to you on level 10 of the
                  | Dungeon)
 11178 | D:10     | Received a gift from Okawaru
 11269 | D:11     | Noticed a cyan ugly thing
 11297 | D:11     | Killed a cyan ugly thing
 11325 | D:11     | Reached skill level 10 in Axes
 11435 | D:11     | Noticed a boulder beetle
 11458 | D:11     | Killed a boulder beetle
 11471 | D:11     | Noticed a manticore
 11514 | D:11     | Killed a manticore
 11553 | D:11     | Noticed an ogre mage
 11576 | D:11     | Killed an ogre mage
 11593 | D:11     | Noticed a two-headed ogre
 11642 | D:11     | Noticed a seven-headed hydra
 11662 | D:11     | Killed a two-headed ogre
 11753 | D:11     | Noticed a two-headed ogre
 11800 | D:10     | Killed a two-headed ogre
 11801 | D:10     | Reached XP level 12. HP: 84/85 MP: 12/12
 11836 | D:11     | Noticed a catoblepas
 11932 | D:11     | Killed a catoblepas
 11933 | D:11     | Reached skill level 11 in Axes
 12172 | D:11     | Noticed a fire dragon
 12172 | D:11     | Found a staircase to the Lair.
 12184 | D:12     | Killed a fire dragon
 12342 | D:12     | Found a staircase to the Orcish Mines.
 12860 | D:13     | Noticed a yaktaur captain
 12912 | D:13     | Noticed a five-headed hydra
 12930 | D:13     | Killed a five-headed hydra
 12943 | D:13     | Identified the +8 chain mail of the Hart {SInv} (Okawaru
                  | gifted it to you on level 13 of the Dungeon)
 12943 | D:13     | Received a gift from Okawaru
 12944 | D:13     | Reached skill level 12 in Axes
 13008 | D:13     | Noticed a centaur warrior
 13106 | D:13     | Noticed a two-headed ogre
 13123 | D:13     | Killed a two-headed ogre
 13124 | D:13     | Reached skill level 1 in Dodging
 13244 | D:13     | Reached skill level 15 in Fighting
 13244 | D:13     | Reached skill level 1 in Invocations
 13485 | D:13     | Noticed a centaur warrior
 13557 | D:12     | Killed a centaur warrior
 13858 | D:13     | Killed a yaktaur captain
 13881 | D:13     | Found a gate to the Vaults.
 13949 | D:13     | Killed a centaur warrior
 14021 | D:13     | Reached XP level 13. HP: 92/92 MP: 14/14
 14413 | Lair:1   | Entered Level 1 of the Lair of Beasts
 14442 | Lair:1   | Noticed Urug
 14477 | Lair:1   | Killed Urug
 15214 | Lair:1   | Received a gift from Okawaru
 15488 | Lair:1   | Identified the +5 long sword "Demon's Death" {antimagic,
                  | *Corrode rElec rPois Str+5}
 15684 | Lair:2   | Reached skill level 13 in Axes
 15955 | Lair:2   | Reached skill level 5 in Armour
 16002 | Lair:2   | Found a staircase to the Shoals.
 16030 | Lair:2   | You fall into a shaft and drop 2 floors!
 16047 | Lair:3   | Reached ****** piety under Okawaru
 16145 | Lair:3   | Identified the ring "Zociu" {rPois rF+ Str+8}
 16155 | Lair:2   | Noticed Sonja
 16157 | Lair:2   | Noticed Sonja
 16157 | Lair:2   | Sonja changed into Sonja the ice beast
 16161 | Lair:2   | Killed Sonja the ice beast
 16748 | Lair:3   | Identified the +5 battleaxe of Gehenna {freeze, rC- Str+4}
                  | (Okawaru gifted it to you on level 3 of the Lair of Beasts)
 16748 | Lair:3   | Received a gift from Okawaru
 16751 | Lair:3   | Found a hole to the Spider Nest.
 16895 | Lair:3   | Reached skill level 5 in Invocations
 17710 | Lair:4   | Reached skill level 14 in Axes
 17871 | Lair:4   | Gained mutation: Your large and strong wings let you fly.
                  | [Gargoyle growth]
 17871 | Lair:4   | Reached XP level 14. HP: 98/98 MP: 17/17
 18077 | Lair:4   | Identified the +0 chain mail of the Game Afoot {+Blink Fly
                  | rElec rN+}
 18520 | Lair:4   | Received a gift from Okawaru
 18644 | Lair:5   | Reached skill level 15 in Axes
 18663 | Lair:5   | Found a staircase to the Slime Pits.
 18663 | Lair:5   | Found a viscous altar of Jiyva.
 19311 | Lair:6   | Entered Level 6 of the Lair of Beasts
 19615 | Lair:6   | Reached skill level 16 in Axes
 19618 | Lair:6   | Received a gift from Okawaru
 19618 | Lair:6   | Found the +7 Kryia's mail coat {PotionHeal*2 rC+}
 20715 | D:13     | Identified the +1 leather armour of Boredom {+Blink +Inv}
 20879 | D:14     | Reached skill level 17 in Axes
 21140 | D:14     | Reached XP level 15. HP: 95/103 MP: 18/18
 21686 | D:15     | Entered Level 15 of the Dungeon
 21725 | D:15     | Found a gate leading to a gauntlet.
 21838 | Gauntlet | Entered a Gauntlet
 21838 | Gauntlet | Found a transporter.
 21848 | Gauntlet | Found a transporter.
 21859 | Gauntlet | Found a transporter.
 21862 | Gauntlet | Found a transporter.
 21873 | Gauntlet | Found a transporter.
 21885 | Gauntlet | Found a runed translucent door.
 21891 | Gauntlet | Found a runed translucent gate.
 21892 | Gauntlet | Found a transporter.
 21892 | Gauntlet | Found a runed translucent gate.
 21893 | Gauntlet | Found a runed translucent gate.
 21903 | Gauntlet | Found a transporter.
 21914 | Gauntlet | Found a transporter.
 21936 | Gauntlet | Found a transporter.
 21948 | Gauntlet | Found a transporter.
 21950 | Gauntlet | Found a transporter.
 21996 | Gauntlet | Found a transporter.
 22010 | Gauntlet | Found a transporter.
 22026 | Gauntlet | Found a transporter.
 22322 | Gauntlet | Reached skill level 18 in Axes
 22362 | Gauntlet | Identified the +2 pair of boots of Okawaru's Benevolence
                  | {rF- rN++ Str+2 Int+2} (Okawaru gifted it to you in a
                  | Gauntlet)
 22362 | Gauntlet | Received a gift from Okawaru
 22370 | Gauntlet | Identified the +1 hat of Pathos {rF+ Will+ Stlth-}
 22371 | Gauntlet | Identified the ring of the Thoughtful Orbs {rPois rC+ Int+3
                  | Dex+3 Stlth-}
 22442 | Gauntlet | Got the Guide on Mutagenic Creation
 22688 | D:15     | Identified a scroll of acquirement
 22705 | D:15     | Acquired 750 gold pieces
 22835 | D:15     | Found a bloodstained altar of Trog.
 22904 | D:15     | Cast into level 2 of the Abyss (a wizard)
 22904 | Abyss:2  | Found a sacrificial altar of Ru.
 22904 | Abyss:2  | Found a corrupted altar of Lugonu.
 22912 | Abyss:2  | Noticed an Executioner
 22920 | Abyss:2  | Killed an Executioner
 22929 | Abyss:2  | Identified the +3 leather armour "Zise" {-Tele rElec Dex+8}
 23125 | Abyss:2  | Noticed a tentacled starspawn
 23134 | Abyss:2  | Killed a tentacled starspawn
 23240 | D:15     | Escaped the Abyss
 23339 | D:15     | Reached skill level 19 in Axes
 23409 | D:15     | Found a staircase to the Depths.
 23954 | Orc:1    | Entered Level 1 of the Orcish Mines
 23954 | Orc:1    | Noticed an orc warlord
 23974 | Orc:1    | Killed an orc warlord
 24071 | Orc:2    | Entered Level 2 of the Orcish Mines
 24075 | Orc:2    | Noticed Erolcha
 24080 | Orc:2    | Killed Erolcha
 24112 | Orc:1    | Noticed an orc warlord
 24129 | Orc:1    | Killed an orc warlord
 24465 | Orc:2    | Found a runed translucent door.
 24465 | Orc:2    | Noticed Adrian566's ghost (journeyman DsFi)
 24467 | Orc:2    | Found a staircase to the Elven Halls.
 24487 | Orc:2    | Killed Adrian566's ghost
 24534 | Orc:2    | Found Waedali's Weapon Shop.
 24598 | Orc:1    | Reached XP level 16. HP: 103/108 MP: 19/19
 24772 | Orc:2    | Identified the +0 helmet of Galush {rC+} (Okawaru gifted it
                  | to you on level 2 of the Orcish Mines)
 24772 | Orc:2    | Received a gift from Okawaru
 24856 | Orc:2    | Noticed Saint Roka
 24906 | Orc:2    | Killed Saint Roka
 24998 | Orc:2    | Reached skill level 20 in Axes
 25099 | Orc:2    | Noticed Snorg
 25112 | Orc:2    | Killed Snorg
 25115 | Orc:2    | Found Cappe's Antique Weapon Shop.
 25128 | Orc:2    | Bought a masterwork battleaxe for 437 gold pieces
 25128 | Orc:2    | Identified the +9 battleaxe of Taxation {flame, Dex+4} (You
                  | bought it in a shop on level 2 of the Orcish Mines)
 25149 | Orc:2    | Found Himyzy's Antique Armour Shop.
 25319 | Orc:2    | Found Tubrant's Jewellery Shop.
 25452 | Orc:2    | Found Anuhumu's General Store.
 25469 | Orc:2    | Bought a scroll of identify for 32 gold pieces
 25469 | Orc:2    | Bought a scroll of identify for 32 gold pieces
 25469 | Orc:2    | Bought a scroll of magic mapping for 56 gold pieces
 25541 | Elf:1    | Entered Level 1 of the Elven Halls
 25563 | Elf:1    | Paralysed by an air elemental for 1 turns
 26001 | Elf:1    | Found Tagy's Assorted Antiques.
 26069 | Elf:1    | Bought a fizzy red potion for 34 gold pieces
 26183 | Elf:1    | Reached skill level 21 in Axes
 26367 | Elf:1    | Bought a potion of haste for 380 gold pieces
 26367 | Elf:1    | Bought a scroll of teleportation for 114 gold pieces
 26367 | Elf:1    | Bought a potion of haste for 380 gold pieces
 26551 | Elf:2    | Received a gift from Okawaru
 27099 | Elf:2    | Found a runed translucent gate.
 27100 | Elf:2    | Found a runed translucent gate.
 27100 | Elf:2    | Found a runed translucent gate.
 27286 | Elf:3    | Entered Level 3 of the Elven Halls
 27316 | Elf:3    | Found Rahacuq's Distillery.
 27323 | Elf:3    | Bought a potion of curing for 51 gold pieces
 27323 | Elf:3    | Bought a potion of heal wounds for 85 gold pieces
 27323 | Elf:3    | Bought a potion of curing for 51 gold pieces
 27334 | Elf:3    | Paralysed by an air elemental for 1 turns
 27356 | Elf:3    | Reached XP level 17. HP: 52/113 MP: 20/20
 27450 | Elf:3    | Found Gat Umytz's General Store.
 27474 | Elf:3    | Found Muuzua's Antique Armour Boutique.
 27477 | Elf:3    | Bought a pair of encrusted boots for 294 gold pieces
 27477 | Elf:3    | Identified the +0 pair of boots of Generosity {Str+3} (You
                  | bought it in a shop on level 3 of the Elven Halls)
 27632 | Elf:3    | Reached skill level 22 in Axes
 27651 | Elf:3    | Identified the +0 buckler of the Equinox {Regen+ SInv}
                  | (Okawaru gifted it to you on level 3 of the Elven Halls)
 27651 | Elf:3    | Received a gift from Okawaru
 27742 | Elf:3    | Found Ujamnom's Jewellery Shoppe.
 27805 | Elf:3    | Found Tiem's Assorted Antiques.
 27830 | Elf:3    | Bought a scroll of fog for 70 gold pieces
 27830 | Elf:3    | Bought a scroll of fog for 70 gold pieces
 27972 | Elf:3    | Found a huge runed translucent gate.
 27972 | Elf:3    | Found a huge runed translucent gate.
 27972 | Elf:3    | Found a huge runed translucent gate.
 27973 | Elf:3    | Found a huge runed translucent gate.
 27974 | Elf:3    | Found a huge runed translucent gate.
 27974 | Elf:3    | Found a huge runed translucent gate.
 27975 | Elf:3    | Found a huge runed translucent gate.
 27976 | Elf:3    | Found a huge runed translucent gate.
 27977 | Elf:3    | Noticed a deep elf blademaster
 27980 | Elf:3    | Noticed a deep elf blademaster
 27993 | Elf:3    | Killed a deep elf blademaster
 27996 | Elf:3    | Killed a deep elf blademaster
 28019 | Elf:3    | Identified the ring of Quaxtim {Fire rN+ rCorr Slay-6 SInv}
 28349 | Elf:3    | Noticed a deep elf blademaster
 28464 | Elf:3    | Noticed a deep elf blademaster
 28472 | Elf:3    | Killed a deep elf blademaster
 28508 | Elf:3    | Killed a deep elf blademaster
 28547 | Elf:3    | Noticed a deep elf master archer
 28548 | Elf:3    | Noticed an Ice Fiend
 28555 | Elf:3    | Noticed Nikola
 28562 | Elf:3    | Noticed an Ice Fiend
 28567 | Elf:3    | Killed a deep elf master archer
 28568 | Elf:3    | HP: 5/113 [ghostly deep elf master archer/arrow (23)]
 28568 | Elf:3    | Shot with an arrow by a ghostly deep elf master archer

Illustrated notes

Levels and vault maps discovered:
D:1:      dpeg_arrival_radiant, layout_basic, nicolae_ecumenical_lake_church,
          hangedman_abyss_or_decor_lesser_grid, hangedman_decor_push,
          corexii_item_surrounded_by_moat, roderic_roman_lattice,
          hex_intersection
D:2:      layout_loops_cross, minmay_pentomino_u2, uniq_robin
D:3:      layout_basic
D:4:      layout_basic, zin_treasury, mainiacjoe_overflow_brackets,
          mainiacjoe_overflow_swirl, minmay_cupped
D:5:      kennysheep_kobold_camp, layout_loops_ring,
          mainiacjoe_overflow_24_doors, general_overflow_altar, uniq_pikel
D:6:      layout_cave_pods, serial_glass, glass_columns_b, glass_columns_a,
          nicolae_figureground_pulse
D:7:      layout_gridville, gammafunk_temple_overflow_claw, temple_green,
          kennysheep_generic_room_16
D:8:      cheibrodos_wizards_tower, layout_loops_cross, tgw_xom, enter_bailey_4
D:9:      layout_loops_cross, grunt_temple_overflow_opulence, uniq_joseph
D:10:     layout_roguey, nicolae_sif_muna_little_library
D:11:     minmay_bloctagon, layout_loops_cross, minmay_lair_entry_lava,
          hangedman_fish_farm
D:12:     layout_rooms, orc_0_dummy
D:13:     layout_rooms, david_vaults_2, drop_trap
D:14:     layout_basic, chequers_big_river
D:15:     grunt_enter_depths_snipers, layout_basic, gauntlet_entry_generic,
          trog_three_pillars_becter
Lair:1:   layout_long_grid, disabler_island, uniq_urug
Lair:2:   layout_concentric_octagons, elwin_shoals_entry_rooms, uniq_sonja
Lair:3:   layout_gridlike, spider_nest_entry_webs, kennysheep_catoblepas_arena
Lair:4:   layout_cellular_growth, serial_rivers, chequers_serial_rivers_large_b,
          chequers_serial_rivers_room_b, chequers_serial_rivers_large_a,
          chequers_serial_rivers_small_a, chequers_serial_rivers_micro_a
Lair:5:   layout_roguey, slime_altar_1, lemuel_fruit_fields
Lair:6:   gammafunk_lair_ancient_temple, layout_layer_cave
Orc:1:    layout_caves, nicolae_volcano_entry_vermiform
Orc:2:    grunt_orc_cross, layout_diamond_mine, serial_shops,
          nicolae_shop_bloodbath_and_beyond, hellmonk_ghost_happy_afterlife,
          uniq_snorg, uniq_erolcha
Elf:1:    layout_geoelf_octagon, serial_shops, nicolae_shop_stone,
          minmay_elf_demonology
Elf:2:    nicolae_elf_blades_crystal_corner, layout_loops_corners, uniq_agnes
Elf:3:    elf_hall, layout_loops_corners, serial_shops, shop,
          nicolae_shop_behind_doors, nicolae_shop_statue_plus, shop, shop,
          eino_tiny_chamber, nicolae_elf_double_double_double_trouble,
          uniq_nikola

Skill      XL: |  1  2  3  4  5  6  7  8  9 10 11 12 13 14 15 16 17 |
---------------+----------------------------------------------------+-----
Evocations     | 3 4 5 6 7 9 |  9.0
Fighting       | 2 3 4 5 7 8 9 12 14 15 | 15.0
Axes           | 2 4 6 8 10 12 14 17 19 21 22 | 22.7
Dodging        | 2 3 |  3.0
Invocations    | 2 5 |  5.0
Armour         | 3 5 |  5.0
Stealth        | |  1.1

Action                   |  1- 3 |  4- 6 |  7- 9 | 10-12 | 13-15 | 16-18 || total
-------------------------+-------+-------+-------+-------+-------+-------++-------
Melee: Club              |    19 |       |       |       |       |       ||    19
       Whip              |    71 |   112 |   136 |   284 |    13 |       ||   616
       Dagger            |    54 |       |   255 |   353 |    37 |       ||   699
       Punch             |       |     1 |       |     5 |       |       ||     6
       Hand axe          |       |       |       |    42 |   133 |       ||   175
       Executioner's axe |       |       |       |       |   573 |   107 ||   680
       Battleaxe         |       |       |       |       |   170 |   366 ||   536
 Fire: Hunting sling     |     4 |    38 |    86 |    67 |    75 |       ||   270
Throw: Dart              |       |       |       |    26 |     3 |     8 ||    37
       Javelin           |       |       |       |       |       |     3 ||     3
Invok: Heroism           |       |     1 |     3 |    12 |    12 |     4 ||    32
       Finesse           |       |       |       |       |       |     3 ||     3
Evoke: Wand              |     2 |     2 |     2 |     5 |     2 |     1 ||    14
       Condenser vane    |       |       |       |       |     2 |     1 ||     3
  Use: Potion            |       |       |     1 |       |     1 |     4 ||     6
       Scroll            |       |       |       |    22 |    12 |     2 ||    36
 Stab: Invisible         |       |       |       |       |     5 |     4 ||     9
Armor: Leather armour    |     9 |       |       |       |       |       ||     9
       Chain mail        |   100 |   104 |   354 |   254 |   681 |   265 ||  1758
       Ring mail         |       |       |       |   112 |       |       ||   112
       Skin              |       |       |       |    18 |       |       ||    18
       Plate armour      |       |       |       |   248 |       |       ||   248
       Troll leather arm |       |       |       |     2 |       |       ||     2
       Scale mail        |       |       |       |       |   140 |       ||   140
Dodge: Dodged            |    51 |    52 |   182 |   240 |   460 |   164 ||  1149
Block: Kite shield       |       |       |       |       |    54 |       ||    54

Table legend: (Time is in decaauts)
 A = Elapsed time spent in this place.
 B = Non-inter-level travel time spent in this place.
 C = Inter-level travel time spent in this place.
 D = Time resting spent in this place.
 E = Time spent auto-exploring this place.
 F = Levels seen in this place.
 G = Mean time per level.
                   A        B        C        D        E       F      G
               +--------+--------+--------+--------+--------+-----+--------+
         Total |  28394 |  26534 |   1860 |   3155 |  15899 |  29 |  979.1 |
       Dungeon |  16491 |  15356 |   1135 |   2299 |   8898 |  15 | 1099.4 |
          Lair |   6445 |   5937 |    508 |    439 |   4189 |   6 | 1074.2 |
  Orcish Mines |   1557 |   1460 |     97 |    102 |    777 |   2 |  778.5 |
   Elven Halls |   2905 |   2786 |    119 |    304 |   1767 |   3 |  968.3 |
         Abyss |    334 |    334 |      0 |      0 |     48 |   1 |  334.0 |
        Bailey |     62 |     62 |      0 |      0 |     33 |   1 |   62.0 |
      Gauntlet |    598 |    598 |      0 |     11 |    186 |   1 |  598.0 |
               +--------+--------+--------+--------+--------+-----+--------+

Top non-repeatable levels by time:
     D:1: 1875 daAuts
  Lair:1: 1337 daAuts
     D:8: 1266 daAuts
    D:11: 1262 daAuts
   Elf:3: 1234 daAuts
    D:13: 1219 daAuts
     D:5: 1211 daAuts
     D:7: 1165 daAuts
  Lair:4: 1129 daAuts
  Lair:6: 1078 daAuts
    D:12: 1069 daAuts
     D:4: 1032 daAuts
  Lair:2: 1014 daAuts
  Lair:3: 1013 daAuts
    D:14: 1004 daAuts
